 Dungeon Crawl Stone Soup version 0.32-a0-18-g89e19f1974 (webtiles) character file.

Game seed: 8578776287071634305

149 LeprechaunX the Changeling (level 5, -1/34 HPs)
             Began as an Octopode Shapeshifter on Jan 16, 2024.
             Was an Initiate of Ru.
             Slain by an adder (3 damage)
             ... on level 4 of the Dungeon.
             The game lasted 00:02:54 (2023 turns).

LeprechaunX the Changeling (Octopode Shapeshifter)  Turns: 2023, Time: 00:02:55

Health: -1/34      AC:  1    Str: 13    XL:     5   Next: 31%
Magic:  5/5        EV: 13    Int: 12    God:    Ru [......]
Gold:   113        SH:  0    Dex: 14    Spells: 4/4 levels left

rFire   . .          .
                       - Unarmed
rCold   . . .        (no shield)
rNeg    . . .        (helmet currently unavailable)
rPois   .            (no amulet)
rElec   .            (no ring)
rCorr   .            (no ring)
SInv    .            (no ring)
Will    .....        (no ring)
Stlth   ++           (no ring)
HPRegen 0.25/turn    (no ring)
MPRegen 0.09/turn    (no ring)
                     (no ring)

%: no passive effects
@: beast-form
A: beast (slay +2), almost no armour, amphibious, 8 rings, camouflage 1,
gelatinous body 1, (nimble swimmer 1), tentacles
a: Begin Untransformation, Renounce Religion


You were on level 4 of the Dungeon.
You worshipped Ru.
Ru was noncommittal.
You were a hulking beast.
You visited 1 branch of the dungeon, and saw 4 of its levels.

You collected 113 gold pieces.

Inventory:

Hand Weapons
 a - a +0 sling
Missiles
 q - 2 throwing nets (quivered)
Talismans
 b - a beast talisman
 c - a flux talisman
Wands
 n - a wand of paralysis (5)
Scrolls
 d - 3 scrolls of identify {unknown}
 f - 2 scrolls of poison {unknown}
 i - a scroll of acquirement {unknown}
 k - a scroll of teleportation {unknown}
 l - 2 scrolls of enchant weapon {unknown}
 o - 2 scrolls of enchant armour {unknown}
Potions
 e - a potion of brilliance {unknown}
 g - a potion of magic {unknown}
 h - a potion of attraction {unknown}
 j - a potion of lignification
 m - a potion of might {unknown}
 p - 2 potions of ambrosia {unknown}
 r - a potion of haste {unknown}


   Skills:
 + Level 2.2 Fighting
 + Level 0.2 Throwing
 + Level 2.8 Dodging
 + Level 3.6 Unarmed Combat
 + Level 1.1 Evocations
 * Level 4.1 Shapeshifting


You had 4 spell levels left.
You didn't know any spells.
Your spell library contained the following spells:

 Spells                   Type           Power      Damage    Failure   Level
 Summon Small Mammal      Summ           0%         N/A       32%         1
 Call Canine Familiar     Summ           0%         N/A       69%         3
 Summon Blazeheart Golem  Fire/Summ      0%         N/A       97%         4


Dungeon Overview and Level Annotations

Branches:
Dungeon (4/15)
 Temple: D:4-7

Altars:
Ru
The Shining One

Shops:
D:2 (   D:3 =


Innate Abilities, Weirdness & Mutations

You are a hulking beast.
Your limbs bulge with bestial killing power. (Slay +2)
You cannot wear most types of armour.
You are amphibious.
You can wear up to eight rings at the same time.
Your skin changes colour to match your surroundings (Stealth+).
Your rubbery body absorbs attacks. (AC +1, EV +1)
((You are camouflaged when in or above water. (Stealth+)))
You have tentacles for arms and can constrict up to eight enemies at once.


Message History

You constrict the white imp, but do no damage.
The white imp barely misses you.
You tentacle-slap the white imp but do no damage.
The white imp is heavily wounded.
You constrict the white imp. The adder barely misses you.
The white imp spits at you. The white imp hits you. The white imp freezes you.
The adder closely misses you.
You are too injured to fight recklessly!
You are too injured to fight recklessly!
Unknown command.
You tentacle-slap the white imp but do no damage.
You tentacle-slap the white imp.
The white imp is almost dead.
You constrict the white imp. The white imp gestures at you.
The puff of frost hits you.
* * * LOW HITPOINT WARNING * * *
The adder barely misses you.
You completely miss the white imp.
The white imp is almost dead.
You constrict the white imp.
You kill the white imp!
The adder completely misses you.
Unknown command.
You tentacle-slap the adder but do no damage.
Your grab misses the adder. The adder barely misses you.
Unknown command.
You closely miss the adder. You grab the adder. You constrict the adder.
The adder bites you.
* * * LOW HITPOINT WARNING * * *
The kobold misses you.
Unknown command.
You tentacle-slap the adder.
The adder is severely wounded.
You constrict the adder. The adder barely misses you.
The kobold hits you with a +0 short sword.
* * * LOW HITPOINT WARNING * * *
The adder bites you.
You die...

PPPPPPP..##..#
....PP....... ..
...PP....... #.##
#..PP.......
.....#..PP.......
..._.#..PP.....
.....#....S.#..#.
.........hK......
.......).#.####..
##........##.#
##................
.#..<##.###........
.....#....####....
............##..#
.##.............##
#..............#...


You could see an adder and a kobold.

Vanquished Creatures
  Natasha (D:4)
  3 adders
  4 gnolls (D:3)
  A white imp (D:4)
  A dart slug (D:2)
  An orc (D:3)
  2 endoplasms
  A giant cockroach (D:3)
  10 goblins
  5 hobgoblins
  A quokka (D:2)
  4 ball pythons
  4 bats
  3 frilled lizards
  9 kobolds
  8 rats
58 creatures vanquished.

Notes
Turn   | Place    | Note
-------+----------+-------------------------------------------
     0 | D:1      | LeprechaunX the Octopode Shapeshifter began the quest for
                  | the Orb.
     0 | D:1      | Reached XP level 1. HP: 13/13 MP: 1/1
   199 | D:1      | Reached XP level 2. HP: 13/18 MP: 2/2
   915 | D:2      | Reached XP level 3. HP: 23/23 MP: 3/3
  1121 | D:2      | Found Fyzuf's Antique Weapon Shop.
  1237 | D:2      | Found a faded altar of an unknown god.
  1426 | D:3      | Reached XP level 4. HP: 27/29 MP: 4/4
  1450 | D:3      | Found a sacrificial altar of Ru.
  1690 | D:3      | Reached skill level 4 in Shapeshifting
  1693 | D:3      | Reached XP level 5. HP: 21/34 MP: 5/5
  1711 | D:3      | Reached skill level 1 in Evocations
  1766 | D:3      | Found Ekuoduf's Jewellery Shoppe.
  1953 | D:3      | Became a worshipper of Ru the Awakened
  2003 | D:4      | Noticed Natasha
  2006 | D:4      | Found a glowing golden altar of the Shining One.
  2010 | D:4      | Killed Natasha
  2023 | D:4      | Slain by an adder

Illustrated notes

Levels and vault maps discovered:
D:1:      dpeg_arrival_rooms_c, layout_basic
D:2:      layout_rooms, serial_shops, nicolae_shop_hallway_plus,
          hellmonk_ecumenical_altar_leap_of_faith
D:3:      layout_basic, mainiacjoe_overflow_catwalk, serial_shops,
          nicolae_shop_hallway_plus
D:4:      minmay_razor_zed, layout_cave_pools, mainiacjoe_overflow_chevrons,
          mainiacjoe_overflow_six_doors_small, corexii_hall_statues_i,
          minmay_door_square, uniq_natasha

Skill      XL: |  1  2  3  4  5 |
---------------+----------------+-----
Fighting       | 2 |  2.2
Shapeshifting  | 4 |  4.1
Evocations     | 1 |  1.1
Throwing       | |  0.2
Dodging        | |  2.8
Unarmed Combat | |  3.6

Action                     |  1- 3 |  4- 6 || total
---------------------------+-------+-------++-------
  Melee: Unarmed           |    67 |    34 ||   101
         Constrict         |    15 |    13 ||    28
         Tentacles         |     8 |    15 ||    23
         Punch             |     1 |     1 ||     2
   Fire: Sling             |       |     3 ||     3
   Stab: Sleeping          |     9 |       ||     9
 Armour: Skin              |    29 |    14 ||    43
  Dodge: Dodged            |    31 |    30 ||    61

Table legend: (Time is in decaauts)
 A = Elapsed time spent in this place.
 B = Non-inter-level travel time spent in this place.
 C = Inter-level travel time spent in this place.
 D = Time resting spent in this place.
 E = Time spent auto-exploring this place.
 F = Levels seen in this place.
 G = Mean time per level.
                   A        B        C        D        E       F      G
               +--------+--------+--------+--------+--------+-----+--------+
         Total |   2017 |   1890 |    127 |      0 |   1529 |   4 |  504.2 |
       Dungeon |   2017 |   1890 |    127 |      0 |   1529 |   4 |  504.2 |
               +--------+--------+--------+--------+--------+-----+--------+

Top non-repeatable levels by time:
     D:1: 828 daAuts
     D:2: 586 daAuts
     D:3: 558 daAuts
     D:4: 43 daAuts
